MLB
MIAMI MARLINS @ PITTSBURGH PIRATES
09/10/2024
 
TOP OF THE 1ST
Miami Marlins batting - Pitching for Pittsburgh Pirates : RHP Tony Gonsolin
Pitching: RHP Tony Gonsolin
Batting: LHB Juan Soto 0-0: Called Strike
0-1: Foul Ball, location: 25FF
0-2: Ball
1-2: Ball
2-2: Fly out, F7 (Line Drive, 78M, EV 93.8 MPH)
Batting: RHB Vladimir Guerrero 0-0: Ball
1-0: Reached on error, E3 (Groundball, 34, EV 108.8 MPH)
Batting: RHB Alex Bregman 0-0: Swinging Strike
0-1: Ball
1-1: Ball
2-1: Called Strike
2-2: Ball
3-2: Base on Balls
Batting: RHB Logan O'Hoppe 0-0: Ball
1-0: Foul Ball, location: 2F
1-1: Ball
2-1: Foul Ball, location: 2F
2-2: Fly out, F8 (Flyball, 8LM, EV 92.5 MPH)
Batting: LHB Ryan Noda 0-0: Called Strike
0-1: Ball
1-1: Ball
2-1: Swinging Strike
2-2: Foul Ball, location: 3FF
2-2: Strikes out swinging
Top of the 1st over - 0 runs, 0 hits, 1 error, 2 left on base; Miami 0 - Pittsburgh 0
BOTTOM OF THE 1ST
Pittsburgh Pirates batting - Pitching for Miami Marlins : LHP Julio [UNRATED] Urias
Pitching: LHP Julio [UNRATED] Urias
Batting: RHB Trevor Story 0-0: Ball
1-0: Fly out, F2 (Popup, 23F, EV 86.3 MPH)
Batting: RHB Tyler O'Neill 0-0: Reached on error, E6 (Groundball, 6, EV 88.8 MPH)
Batting: RHB Peter Alonso 0-0: Called Strike
0-1: Ball
1-1: Ball
2-1: Fly out, F7 (Flyball, 7, EV 85.6 MPH)
Batting: LHB Christian Yelich 0-0: Swinging Strike
0-1: Fly out, F8 (Flyball, 8LD, EV 79.4 MPH)
Bottom of the 1st over - 0 runs, 0 hits, 1 error, 1 left on base; Miami 0 - Pittsburgh 0
TOP OF THE 2ND
Miami Marlins batting - Pitching for Pittsburgh Pirates : RHP Tony Gonsolin
Batting: RHB Vaughn Grissom 0-0: Ball
1-0: Foul Ball, location: 2F
1-1: DOUBLE (Groundball, 5L, EV 103.8 MPH)
Batting: RHB Ceddanne Rafaela 0-0: Foul Ball, location: 2F
0-1: SINGLE (Line Drive, 89S, EV 102.5 MPH)
Vaughn Grissom to third
Runner from 3rd tries for Home, SAFE, throw by CF to home
Batting: LHB Brett Phillips 0-0: Called Strike
0-1: Ball
1-1: Ball
2-1: Fly out, F3 (Popup, 3SF, EV 66.9 MPH)
Batting: LHB Nicky Lopez 0-0: Called Strike
0-1: Called Strike
0-2: Ball
Ceddanne Rafaela steals 2nd base
1-2: Ball
2-2: Reached on error, E5 (Groundball, 5L, EV 101.3 MPH)
Batting: LHB Juan Soto 0-0: Ball
1-0: Called Strike
1-1: Ball
2-1: Grounds into double play, 4-6-3 (Groundball, 4, EV 93.1 MPH)
Top of the 2nd over - 1 run, 2 hits, 1 error, 1 left on base; Miami 1 - Pittsburgh 0
BOTTOM OF THE 2ND
Pittsburgh Pirates batting - Pitching for Miami Marlins : LHP Julio [UNRATED] Urias
Batting: RHB J.D. Davis 0-0: Called Strike
0-1: Swinging Strike
0-2: Ball
1-2: Strikes out swinging
Batting: RHB Michael Brosseau 0-0: Ball
1-0: Foul Ball, location: 3DF
1-1: Ground out 5-3 (Groundball, 6S, EV 89.4 MPH)
Batting: RHB Ryan Kreidler 0-0: Ball
1-0: Ball
2-0: Called Strike
2-1: Ground out 5-3 (Groundball, 56S, EV 83.8 MPH)
Bottom of the 2nd over - 0 runs, 0 hits, 0 errors, 0 left on base; Miami 1 - Pittsburgh 0
TOP OF THE 3RD
Miami Marlins batting - Pitching for Pittsburgh Pirates : RHP Tony Gonsolin
Batting: RHB Vladimir Guerrero 0-0: Ball
1-0: Fly out, F8 (Flyball, 8LD, EV 104.4 MPH)
Batting: RHB Alex Bregman 0-0: Foul Ball, location: 5FF
0-1: Ball
1-1: Swinging Strike
1-2: Foul Ball, location: 5F
1-2: Foul Ball, location: 5F
1-2: DOUBLE (Flyball, 89D, EV 98.8 MPH)
Batting: RHB Logan O'Hoppe 0-0: Ball
1-0: Called Strike
1-1: Foul Ball, location: 2F
1-2: Foul Ball, location: 9LSF
1-2: Ball
2-2: Ball
3-2: Ground out 6-3 (Groundball, 6, EV 77.5 MPH)
Batting: LHB Ryan Noda 0-0: Ball
1-0: Foul Ball, location: 3FF
1-1: Foul Ball, location: 3F
1-2: Ball
2-2: Ball
3-2: Foul Ball, location: 2F
3-2: DOUBLE (Line Drive, 7LS, EV 105.6 MPH)
Alex Bregman scores
Batting: RHB Vaughn Grissom 0-0: Ball
1-0: Fly out, F7 (Flyball, 7D, EV 95.0 MPH)
Top of the 3rd over - 1 run, 2 hits, 0 errors, 1 left on base; Miami 2 - Pittsburgh 0
BOTTOM OF THE 3RD
Pittsburgh Pirates batting - Pitching for Miami Marlins : LHP Julio [UNRATED] Urias
Batting: RHB Jonah Bride 0-0: Swinging Strike
0-1: Foul Ball, location: 5F
0-2: Foul Ball, location: 2F
0-2: Strikes out swinging
Batting: SHB Greg Allen 0-0: Called Strike
0-1: Ball
1-1: SINGLE (Line Drive, 8RS, EV 98.8 MPH)
Batting: RHB Trevor Story 0-0: Ball
1-0: Foul Ball, location: 5F
1-1: Foul Ball, location: 2F
1-2: Foul Ball, location: 9LDF
1-2: Foul Ball, location: 2F
1-2: SINGLE (Line Drive, 8LS, EV 93.8 MPH)
Greg Allen to second
Runner from 2nd tries for 3rd, SAFE, throw by CF made to third
Batting: RHB Tyler O'Neill 0-0: Called Strike
0-1: Ball
1-1: Reached on error, E6 (Groundball, 56D, EV 104.4 MPH)
Greg Allen scores
Trevor Story to second
Batting: RHB Peter Alonso 0-0: Hit by Pitch
Trevor Story to third
Tyler O'Neill to second
Batting: LHB Christian Yelich 0-0: Swinging Strike
0-1: Ball
1-1: Foul Ball, location: 7LSF
1-2: Foul Ball, location: 5F
1-2: Ball
2-2: Strikes out swinging
Batting: RHB J.D. Davis 0-0: Called Strike
0-1: Foul Ball, location: 9LDF
0-2: Fly out, F3 (Popup, 34, EV 55.6 MPH)
Bottom of the 3rd over - 1 run, 2 hits, 1 error, 3 left on base; Miami 2 - Pittsburgh 1
TOP OF THE 4TH
Miami Marlins batting - Pitching for Pittsburgh Pirates : RHP Tony Gonsolin
Batting: RHB Ceddanne Rafaela 0-0: Called Strike
0-1: Ball
1-1: Ball
2-1: Foul Ball, location: 2RF
2-2: Fly out, F9 (Flyball, 9D, EV 100.6 MPH)
Batting: LHB Brett Phillips 0-0: Called Strike
0-1: Ball
1-1: Ball
2-1: Foul Ball, location: 2F
2-2: Ball
3-2: Strikes out looking
Batting: LHB Nicky Lopez 0-0: Ground out 6-3 (Groundball, 56, EV 100.6 MPH)
Top of the 4th over - 0 runs, 0 hits, 0 errors, 0 left on base; Miami 2 - Pittsburgh 1
BOTTOM OF THE 4TH
Pittsburgh Pirates batting - Pitching for Miami Marlins : LHP Julio [UNRATED] Urias
Batting: RHB Michael Brosseau 0-0: Ball
1-0: Ball
2-0: Ball
3-0: Base on Balls
Batting: RHB Ryan Kreidler 0-0: Ball
1-0: Ball
2-0: Ball
3-0: Base on Balls
Michael Brosseau to second
Batting: RHB Jonah Bride 0-0: Ball
1-0: Ball
2-0: Swinging Strike
2-1: Fly out, F6 (Line Drive, 6, EV 67.5 MPH)
Batting: SHB Greg Allen 0-0: Ball
1-0: SINGLE (Groundball, 34D, EV 105.6 MPH)
Michael Brosseau to third
Ryan Kreidler to second
Runner from 3rd tries for Home, SAFE, throw by RF to home
Ryan Kreidler to third
Greg Allen to second
Batting: RHB Trevor Story 0-0: Fly out, F7 (Flyball, 7LS, EV 79.4 MPH)
Batting: RHB Tyler O'Neill 0-0: Swinging Strike
0-1: Swinging Strike
0-2: Ground out 5-3 (Groundball, 5S, EV 84.4 MPH)
Bottom of the 4th over - 1 run, 1 hit, 0 errors, 2 left on base; Miami 2 - Pittsburgh 2
TOP OF THE 5TH
Miami Marlins batting - Pitching for Pittsburgh Pirates : RHP Tony Gonsolin
Batting: LHB Juan Soto 0-0: Called Strike
0-1: Ball
1-1: Foul Ball, location: 7LMF
1-2: Ball
2-2: Ground out 4-3 (Groundball, 4, EV 88.8 MPH)
Batting: RHB Vladimir Guerrero 0-0: Foul Ball, location: 2RF
0-1: Called Strike
0-2: Ball
1-2: Ball
2-2: SINGLE (Line Drive, 9S, EV 88.8 MPH)
Batting: RHB Alex Bregman 0-0: Ball
1-0: Ball
2-0: Ball
3-0: Base on Balls
Vladimir Guerrero to second
Batting: RHB Logan O'Hoppe 0-0: Foul Ball, location: 9LMF
0-1: Ball
1-1: Foul Ball, location: 7LSFF
1-2: Foul Ball, location: 9LMF
1-2: Strikes out swinging
Pitching: RHP Landen Roupp
Batting: LHB Ryan Noda 0-0: Ball
1-0: Ball
2-0: Called Strike
2-1: Fly out, F7 (Flyball, 78M, EV 89.4 MPH)
Top of the 5th over - 0 runs, 1 hit, 0 errors, 2 left on base; Miami 2 - Pittsburgh 2
BOTTOM OF THE 5TH
Pittsburgh Pirates batting - Pitching for Miami Marlins : LHP Julio [UNRATED] Urias
Batting: RHB Peter Alonso 0-0: Called Strike
0-1: Fly out, F7 (Flyball, 78S, EV 88.8 MPH)
Batting: LHB Christian Yelich 0-0: Ball
1-0: Called Strike
1-1: Fly out, F8 (Flyball, 78M, EV 88.8 MPH)
Batting: RHB J.D. Davis 0-0: Foul Ball, location: 2F
0-1: Swinging Strike
0-2: Foul Ball, location: 9LMF
0-2: Ball
1-2: Strikes out looking
Bottom of the 5th over - 0 runs, 0 hits, 0 errors, 0 left on base; Miami 2 - Pittsburgh 2
TOP OF THE 6TH
Miami Marlins batting - Pitching for Pittsburgh Pirates : RHP Landen Roupp
Batting: RHB Vaughn Grissom 0-0: Ground out 6-3 (Groundball, 6, EV 110.6 MPH)
Batting: RHB Ceddanne Rafaela 0-0: Ball
1-0: Called Strike
1-1: Ground out 4-3 (Groundball, 4, EV 80.0 MPH)
Batting: LHB Brett Phillips 0-0: Ball
1-0: Ball
2-0: Foul Ball, location: 7LMF
2-1: Ball
3-1: Base on Balls
Batting: LHB Nicky Lopez 0-0: Called Strike
Brett Phillips steals 2nd base (no throw)
0-1: Ball
1-1: Foul Ball, location: 7LSF
1-2: Ball
2-2: SINGLE (Groundball, 6MD, EV 110.6 MPH)
Brett Phillips to third
Runner from 3rd tries for Home, SAFE, throw by CF to home
Nicky Lopez to second
Batting: LHB Juan Soto 0-0: Swinging Strike
0-1: Ball
1-1: Ball
2-1: Swinging Strike
2-2: Strikes out swinging
Top of the 6th over - 1 run, 1 hit, 0 errors, 1 left on base; Miami 3 - Pittsburgh 2
BOTTOM OF THE 6TH
Pittsburgh Pirates batting - Pitching for Miami Marlins : LHP Julio [UNRATED] Urias
Batting: RHB Michael Brosseau 0-0: Ball
1-0: Ball
2-0: DOUBLE (Line Drive, 89D, EV 110.6 MPH)
Batting: RHB Ryan Kreidler 0-0: Ball
1-0: Foul Ball, location: 9LMF
1-1: SINGLE (Line Drive, 6MD, EV 105.6 MPH)
Michael Brosseau to third
Runner from 3rd tries for Home, SAFE, throw by CF to home
Batting: RHB Jonah Bride 0-0: Called Strike
0-1: Sac Bunt to 3S - play at first, batter safe!
Ryan Kreidler to second
Batting: SHB Greg Allen 0-0: Called Strike
0-1: Called Strike
0-2: Ball
1-2: DOUBLE (Groundball, 5L, EV 95.6 MPH)
Ryan Kreidler scores
Jonah Bride to third
Runner from 3rd tries for Home, SAFE, throw by LF to trailing runner, SAFE at third!
Batting: RHB Trevor Story 0-0: Ball
1-0: Ball
2-0: Called Strike
2-1: Swinging Strike
2-2: Ball
3-2: Strikes out swinging
Batting: RHB Tyler O'Neill 0-0: Called Strike
0-1: Ball
1-1: Ball
2-1: Ball
3-1: Foul Ball, location: 5F
3-2: Foul Ball, location: 9LDF
3-2: Base on Balls
Pitching: RHP Alex Lange
Batting: RHB Peter Alonso 0-0: Ball
1-0: Ball
2-0: Ball
3-0: Called Strike
3-1: Foul Ball, location: 9LDF
3-2: Strikes out swinging
Batting: LHB Christian Yelich 0-0: Ball
1-0: Ball
2-0: Called Strike
2-1: Fly out, F7 (Line Drive, 7, EV 91.3 MPH)
Bottom of the 6th over - 3 runs, 4 hits, 0 errors, 2 left on base; Miami 3 - Pittsburgh 5
TOP OF THE 7TH
Miami Marlins batting - Pitching for Pittsburgh Pirates : RHP Landen Roupp
Now at C: Ben Rice
Now at 1B: Jonah Bride
Batting: RHB Vladimir Guerrero 0-0: Ball
1-0: Foul Ball, location: 2F
1-1: Foul Ball, location: 2F
1-2: Ball
2-2: Foul Ball, location: 2F
2-2: Ground out 1-3 (Groundball, 15, EV 67.5 MPH)
Batting: RHB Alex Bregman 0-0: Foul Ball, location: 5FF
0-1: Ball
1-1: SINGLE (Groundball, 6D, EV 93.8 MPH)
Batting: RHB Logan O'Hoppe 0-0: Ball
1-0: Foul Ball, location: 2F
1-1: DOUBLE (Line Drive, 7LM, EV 105.6 MPH)
Alex Bregman to third
Runner from 3rd tries for Home, SAFE, throw by LF to trailing runner, OUT at third! 7-3-5
Batting: LHB Ryan Noda 0-0: Called Strike
0-1: Ball
1-1: Ball
2-1: Called Strike
2-2: Strikes out swinging
Top of the 7th over - 1 run, 2 hits, 0 errors, 0 left on base; Miami 4 - Pittsburgh 5
BOTTOM OF THE 7TH
Pittsburgh Pirates batting - Pitching for Miami Marlins : RHP Alex Lange
Batting: RHB J.D. Davis 0-0: SINGLE (Flyball, 3D, EV 86.9 MPH)
Batting: RHB Michael Brosseau 0-0: Ball
1-0: Called Strike
1-1: Ball
2-1: SINGLE (Line Drive, 78S, EV 110.6 MPH)
J.D. Davis to second
Pinch Runner at 2nd Brewer Hicklen:
Batting: RHB Ryan Kreidler 0-0: Called Strike
0-1: Ball
1-1: Ball
2-1: Ball
3-1: Fielders Choice at 2nd, 2-4 (Groundball, 15S, EV 70.0 MPH)
Brewer Hicklen to third
Pitching: LHP John King
Batting: RHB Jonah Bride 0-0: Ball
1-0: Called Strike
1-1: Fly out, F9 (Flyball, 9, EV 89.4 MPH)
Runner from 3rd tags up, SCORES, throw by RF
Batting: SHB Greg Allen 0-0: Ball
1-0: Foul Ball, location: 5DF
1-1: Ball
2-1: Swinging Strike
2-2: Ball
3-2: Strikes out swinging
Bottom of the 7th over - 1 run, 2 hits, 0 errors, 1 left on base; Miami 4 - Pittsburgh 6
TOP OF THE 8TH
Miami Marlins batting - Pitching for Pittsburgh Pirates : RHP Landen Roupp
Pitching: RHP Jhony Brito
Batting: RHB Vaughn Grissom 0-0: Ball
1-0: Called Strike
1-1: Ball
2-1: SINGLE (Groundball, 4MD, EV 98.1 MPH)
Batting: RHB Ceddanne Rafaela 0-0: Ball
1-0: Ball
2-0: Ball
3-0: Called Strike
3-1: Foul Ball, location: 3F
3-2: Hit by Pitch
Vaughn Grissom to second
Batting: LHB Brett Phillips 0-0: Ball
1-0: Called Strike
1-1: Ball
2-1: Called Strike
2-2: Ball
3-2: Fly out, F8 (Flyball, 8LM, EV 88.8 MPH)
Batting: LHB Nicky Lopez 0-0: Foul Ball, location: 7LMF
0-1: Ball
1-1: Ball
2-1: Fielders Choice at 2nd, 6-4 (Groundball, 6, EV 107.5 MPH)
Vaughn Grissom to third
Batting: LHB Juan Soto 0-0: Ball
1-0: 3-RUN HOME RUN (Flyball, 7LD, EV 90.6 MPH), Distance : 333 ft
Pitching: LHP Packy Naughton
Batting: RHB Vladimir Guerrero 0-0: Ball
1-0: Foul Ball, location: 7LMF
1-1: Ball
2-1: Swinging Strike
2-2: Ball
3-2: Foul Ball, location: 3DF
3-2: Base on Balls
Batting: RHB Alex Bregman 0-0: Called Strike
0-1: Foul Ball, location: 2F
0-2: Strikes out looking
Top of the 8th over - 3 runs, 2 hits, 0 errors, 1 left on base; Miami 7 - Pittsburgh 6
BOTTOM OF THE 8TH
Pittsburgh Pirates batting - Pitching for Miami Marlins : LHP John King
Now at 3B: Nolan Arenado
Batting: RHB Trevor Story 0-0: DOUBLE (Flyball, 78D, EV 106.3 MPH)
Batting: RHB Tyler O'Neill 0-0: Ball
1-0: DOUBLE (Line Drive, 78D, EV 103.8 MPH)
Trevor Story scores
Batting: LHB Ben Rice 0-0: Called Strike
0-1: Foul Ball, location: 2F
0-2: Strikes out swinging
Batting: LHB Christian Yelich 0-0: Ball
Tyler O'Neill steals 3rd base
1-0: Ball
2-0: Called Strike
2-1: Foul Ball, location: 2RF
2-2: Ball
3-2: Foul Ball, location: 7LDF
3-2: Strikes out swinging
Pitching: LHP Jose Alvarado
Batting: RHB Brewer Hicklen 0-0: Ball
1-0: Ball
2-0: SINGLE (Groundball, 6MD, EV 96.9 MPH)
Tyler O'Neill scores
Batting: RHB Michael Brosseau 0-0: Ball
1-0: Ball
2-0: Foul Ball, location: 23F
2-1: Fly out, F7 (Flyball, 7LSF, EV 81.9 MPH)
Bottom of the 8th over - 2 runs, 3 hits, 0 errors, 1 left on base; Miami 7 - Pittsburgh 8
TOP OF THE 9TH
Miami Marlins batting - Pitching for Pittsburgh Pirates : LHP Packy Naughton
Pitching: RHP Collin [UNRATED] McHugh
Batting: RHB Logan O'Hoppe 0-0: Called Strike
0-1: Swinging Strike
0-2: Ball
1-2: Strikes out looking
Batting: LHB Ryan Noda 0-0: Ball
1-0: Foul Ball, location: 2F
1-1: Ball
2-1: Ball
3-1: Foul Ball, location: 2F
3-2: Foul Ball, location: 2F
3-2: Foul Ball, location: 3FF
3-2: Strikes out swinging, 2-3 out at first.
Batting: RHB Vaughn Grissom 0-0: Called Strike
0-1: Foul Ball, location: 9LDF
0-2: Ball
1-2: Strikes out swinging
Top of the 9th over - 0 runs, 0 hits, 0 errors, 0 left on base; Miami 7 - Pittsburgh 8
Wednesday, September 11th , 2024 - OOTP Baseball 25.8 Build 87